 Dungeon Crawl Stone Soup version 0.30-a0-728-gc68057be0a (webtiles) character file.

Game seed: 17457513997169258896

108 Dittersdorf the Shield-Bearer (level 4, -7/43 HPs)
             Began as a Gargoyle Fighter on Jan 31, 2023.
             Was an Initiate of Okawaru.
             Killed from afar by Grinder (12 damage)
             ... with a puff of flame
             ... on level 3 of the Dungeon.
             The game lasted 00:02:28 (1988 turns).

Dittersdorf the Shield-Bearer (Gargoyle Fighter)    Turns: 1988, Time: 00:02:29

Health: -7/43      AC: 22    Str: 21    XL:     4   Next: 87%
Magic:  4/4        EV:  2    Int:  9    God:    Okawaru [......]
Gold:   139        SH:  4    Dex:  9    Spells: 3/3 levels left

rFire   . . .      SeeInvis .    a - +0 flail
rCold   . . .      Faith    .    c - +0 buckler
rNeg    + . .      Spirit   .    (body armour currently unavailable)
rPois   ∞          Reflect  .    (helmet currently unavailable)
rElec   .          Harm     .    (cloak currently unavailable)
rCorr   .          Rampage  .    (gloves currently unavailable)
Will    .....      NoTele   +    (boots currently unavailable)
Stlth   +                        (no amulet)
HPRegen 0.27/turn                (no ring)
MPRegen 0.09/turn                (no ring)

@: tree-form
A: stationary, stasis, torment immunity, boosted hp, sickness immunity, AC +3,
negative energy resistance 1, (electricity resistance), torment resistance 1,
petrification resistance
a: Renounce Religion


You were on level 3 of the Dungeon.
You worshipped Okawaru.
Okawaru was noncommittal.
You were a tree.
You visited 1 branch of the dungeon, and saw 3 of its levels.

You collected 139 gold pieces.

Inventory:

Hand Weapons
 a - a +0 flail (weapon)
Armour
 b - a +0 scale mail (melded)
 c - a +0 buckler (worn)
 f - a +0 helmet (melded)
 t - a +0 plate armour
Scrolls
 g - a scroll of amnesia {unknown}
 i - 4 scrolls of identify {unknown}
 l - a scroll of enchant weapon {unknown}
 m - 2 scrolls of acquirement {unknown}
 q - a scroll of poison {unknown}
 r - a scroll of teleportation {unknown}
Potions
 d - a potion of might
 e - a potion of lignification
 h - a potion of haste {unknown}
 j - 3 potions of curing {unknown}
 k - 3 potions of flight {unknown}
 n - a potion of magic {unknown}
 o - a potion of berserk rage {unknown}
 p - a potion of heal wounds {unknown}
 s - a potion of attraction {unknown}


   Skills:
 + Level 4.1 Fighting
 + Level 2.8 Maces & Flails
 + Level 4.1 Armour
 + Level 4.1 Shields


You had 3 spell levels left.
You didn't know any spells.
Your spell library contained the following spells:

 Spells                   Type           Power      Damage    Failure   Level
 Magic Dart               Conj           0%         1d3       45%         1
 Searing Ray              Conj           0%         2d4       61%         2
 Fulminant Prism          Conj/Hex       0%         3d5       99%         4


Dungeon Overview and Level Annotations

Branches:
Dungeon (3/15)

Altars:
Gozag
Okawaru

Annotations:
D:3 Grinder


Innate Abilities, Weirdness & Mutations

You are a tree.
Your roots penetrate the ground, keeping you stationary.
You cannot be teleported.
You are immune to unholy pain and torment.
Your maximum health is greatly increased.
Your equipment is partially melded.
You are immune to sickness and miasma.
((Your stone body is resilient. (AC +3)))
You are immune to poison.
You resist negative energy. (rN+)
((You are resistant to electric shocks. (rElec)))
You are resistant to unholy torment.
You are immune to petrification.


Message History

Grinder is moderately wounded.
You block Grinder's attack.
You hit Grinder.
Grinder is moderately wounded.
Grinder blinks!
Grinder says, "I used to sell toenails on the black market."
Grinder closely misses you.
You hit Grinder but do no damage.
Grinder is moderately wounded.
Grinder hits you but does no damage.
You barely miss Grinder.
Grinder is moderately wounded.
Grinder hits you but does no damage.
You closely miss Grinder.
Grinder is moderately wounded.
Grinder gestures at you.
You suddenly lose the ability to move!
Grinder hits you but does no damage.
Grinder blinks!
Grinder hits you but does no damage.
Grinder zaps a wand.
The puff of flame hits you!
You can move again.
You closely miss Grinder.
Grinder is moderately wounded.
Grinder hits you but does no damage.
You sock Grinder!
Grinder is heavily wounded.
Grinder zaps a wand.
The puff of flame hits you.
You closely miss Grinder.
Grinder is heavily wounded.
Grinder blinks!
Grinder zaps a wand.
The puff of flame hits you!
* * * LOW HITPOINT WARNING * * *
It was a potion of lignification.
You turn into a tree.
Your +0 helmet melds into your body.
Your +0 scale mail melds into your body.
Your roots penetrate the ground.
Grinder zaps a wand.
The puff of flame hits you but does no damage.
Grinder blinks!
Grinder blinks!
Grinder zaps a wand.
The puff of flame hits you!
You die...

# ##.# #..## #.##5.#
##..## #.#...###...## ##
###.............
...######...............
.#..................♣♣♣♣
_.........##.......♣♣
.#..<.....#####....♣♣
.......♣......>.....♣
..........###..##...♣♣♣♣
#########.# #######.....
#.# ##..## ... .......
#### ########


You could see Grinder.

Vanquished Creatures
  Jessica (D:2)
  2 adders
  A worm (D:2)
  3 dart slugs
  4 orcs (D:3)
  4 bats
  6 endoplasms
  2 giant cockroaches
  5 goblins
  3 hobgoblins
  A quokka (D:2)
  5 ball pythons
  2 frilled lizards (D:1)
  7 kobolds
  5 rats
51 creatures vanquished.

Vanquished Creatures (others)
  A plant (D:2)
  2 withered plants (D:2)
3 creatures vanquished.

Grand Total: 54 creatures vanquished

Notes
Turn   | Place    | Note
-------+----------+-------------------------------------------
     0 | D:1      | Dittersdorf the Gargoyle Fighter began the quest for the
                  | Orb.
     0 | D:1      | Reached XP level 1. HP: 14/14 MP: 1/1
   143 | D:1      | Reached XP level 2. HP: 17/19 MP: 2/2
   748 | D:2      | Reached XP level 3. HP: 23/23 MP: 3/3
   753 | D:2      | Found an iron altar of Okawaru.
   768 | D:2      | Became a worshipper of Warmaster Okawaru
   954 | D:2      | Found a faded altar of an unknown god.
  1298 | D:2      | Noticed Jessica
  1305 | D:2      | Killed Jessica
  1306 | D:2      | Reached XP level 4. HP: 26/29 MP: 4/4
  1966 | D:3      | Noticed Grinder
  1969 | D:3      | Found an opulent altar of Gozag.
  1974 | D:3      | Paralysed by Grinder for 5 turns
  1988 | D:3      | Killed from afar by Grinder

Illustrated notes

Levels and vault maps discovered:
D:1:      sevenhm_arrival_forest_fort_large_2, layout_basic, minivault_11,
          minmay_tetromino_i4
D:2:      layout_basic, basic_altar, shapermc_ecumenical_altar_gd, uniq_jessica
D:3:      layout_rooms, tso_altar, lemuel_crystal_altar, nrook_campfire,
          uniq_grinder

Skill      XL: |  1  2  3  4 |
---------------+-------------+-----
Fighting       | 4 |  4.1
Shields        | 4 |  4.1
Armour         | 4 |  4.1
Maces & Flails | |  2.8

Action                     |  1- 3 |  4- 6 || total
---------------------------+-------+-------++-------
  Melee: Flail             |   119 |    71 ||   190
    Use: Potion            |       |     1 ||     1
 Armour: Scale mail        |    72 |    38 ||   110
         Skin              |       |     1 ||     1
  Dodge: Dodged            |    49 |    23 ||    72
  Block: Buckler           |    20 |    14 ||    34

Table legend: (Time is in decaauts)
 A = Elapsed time spent in this place.
 B = Non-inter-level travel time spent in this place.
 C = Inter-level travel time spent in this place.
 D = Time resting spent in this place.
 E = Time spent auto-exploring this place.
 F = Levels seen in this place.
 G = Mean time per level.
                   A        B        C        D        E       F      G
               +--------+--------+--------+--------+--------+-----+--------+
         Total |   2047 |   1970 |     77 |      0 |   1515 |   3 |  682.3 |
       Dungeon |   2047 |   1970 |     77 |      0 |   1515 |   3 |  682.3 |
               +--------+--------+--------+--------+--------+-----+--------+

Top non-repeatable levels by time:
     D:2: 1012 daAuts
     D:1: 722 daAuts
     D:3: 312 daAuts
